 Dungeon Crawl Stone Soup version 0.22.1-1-ga44c0e5 (webtiles) character file.

72041 MalarOregon the Fencer (level 15, -13/136 HPs)
             Began as a Minotaur Berserker on Sept 20, 2018.
             Was a High Priest of Trog.
             Mangled by Agnes
             ... wielding a +2 lajatang of protection
              (14 damage)
             ... on level 15 of the Dungeon.
             The game lasted 01:10:33 (24348 turns).

MalarOregon the Fencer (Minotaur Berserker)        Turns: 24348, Time: 01:10:34

Health: -13/136    AC: 22    Str: 28    XL:     15   Next: 0%
Magic:  20/20      EV: 13    Int:  4    God:    Trog [*****.]
Gold:   1505       SH:  0    Dex: 10    Spells: 14/14 levels left

rFire    . . .     SeeInvis .   X - +3 great sword (vamp) {!w}
rCold    . . .     Gourm    .   (shield currently unavailable)
rNeg     . . .     Faith    .   A - +3 plate armour
rPois    +         Spirit   .   (helmet restricted)
rElec    .         Reflect  .   S - scarf {repulsion}
rCorr    +         Harm     .   s - +0 pair of gloves
MR       +....                  J - +0 pair of boots
Stlth    ..........             N - amulet of regeneration
HPRegen  0.72/turn              Z - ring of resist corrosion
MPRegen  0.17/turn              L - ring of poison resistance

@: very slightly contaminated, drained, repel missiles
A: retaliatory headbutt, horns 2
a: Berserk, Trog's Hand, Brothers in Arms, Renounce Religion


You were on level 15 of the Dungeon.
You worshipped Trog.
Trog was extremely pleased with you.
You were not hungry.

You visited 2 branches of the dungeon, and saw 21 of its levels.
You also visited: Ice Cave.

You collected 1671 gold pieces.
You spent 166 gold pieces at shops.

Inventory:

Hand Weapons
 a - a +4 scimitar of flaming
   (You took it off an efreet on level 13 of the Dungeon)
 X - a +3 vampiric great sword (weapon) {!w}
   (Trog gifted it to you on level 2 of the Lair of Beasts)
Missiles
 c - 3 throwing nets {!f}
 y - 6 tomahawks of returning
 G - 30 tomahawks
 K - 11 javelins (quivered)
 M - 3 exploding tomahawks
 P - 5 tomahawks of dispersal {!f}
 R - 3 silver javelins
 T - 3 javelins of returning
 Y - 8 javelins of penetration
Armour
 s - a +0 pair of gloves (worn)
   (You found it on level 3 of the Dungeon)
 A - a +3 plate armour (worn)
   (You took it off an orc warrior on level 7 of the Dungeon)
 J - a +0 pair of boots (worn)
   (You found it on level 9 of the Dungeon)
 S - a scarf of repulsion (worn)
   (You found it on level 11 of the Dungeon)
Jewellery
 r - an uncursed ring of flight
   (You found it on level 3 of the Dungeon)
 L - a ring of poison resistance (right hand)
   (You found it on level 9 of the Dungeon)
 N - an amulet of regeneration (around neck)
   (You found it in an ice cave)
 V - an uncursed ring of ice
   (You took it off Fannar on level 1 of the Lair of Beasts)
 Z - a ring of resist corrosion (left hand)
   (You found it on level 12 of the Dungeon)
Wands
 d - a wand of iceblast (5)
   (You found it on level 1 of the Lair of Beasts)
 g - a wand of enslavement (6)
   (You found it on level 13 of the Dungeon)
 j - a wand of polymorph (14)
   (You found it on level 5 of the Lair of Beasts)
 t - a wand of flame (46)
   (You found it on level 1 of the Lair of Beasts)
 u - a wand of paralysis (32)
   (You found it on level 6 of the Dungeon)
 v - a wand of digging (48)
   (You took it off Duvessa on level 7 of the Dungeon)
 x - a wand of acid (8)
   (You found it on level 1 of the Lair of Beasts)
 D - a wand of scattershot (3)
   (You found it on level 7 of the Dungeon)
Scrolls
 i - 5 scrolls of blinking
 k - a scroll of fear
 l - 10 scrolls of remove curse {@r2}
 q - 7 scrolls of immolation {!r}
 w - 5 scrolls of magic mapping
 z - 7 scrolls of teleportation {@r4}
 F - a scroll of fog
 H - 5 scrolls of identify {@r1}
Potions
 f - 6 potions of curing {@q1}
 m - 2 potions of haste {@q3}
 n - 5 potions of flight
 o - a potion of heal wounds {@q2}
 p - 5 potions of cancellation
 B - a potion of ambrosia
 C - 8 potions of lignification {!q}
 I - 4 potions of mutation {!q}
 U - 2 potions of invisibility
Miscellaneous
 b - a phantom mirror
 h - a box of beasts
 O - a phial of floods
   (You found it on level 10 of the Dungeon)
Comestibles
 e - 34 rations {!d}


   Skills:
 + Level 13.4(13.1) Fighting
 + Level 15.7(15.4) Long Blades
 + Level 10.0(9.7) Throwing
 + Level 13.3(13.0) Armour
 + Level 12.3(11.9) Dodging
 + Level 8.2(7.9) Evocations


You had 14 spell levels left.
You didn't know any spells.
Your spell library was empty.

Dungeon Overview and Level Annotations

Branches:
Dungeon (15/15)            Temple (0/1) D:6            Lair (6/6) D:11
 Shoals (0/4) Lair:2       Spider (0/4) Lair:4        Slime (0/5) Lair:5
    Orc (0/2) D:12         Vaults (0/5) D:13
 Depths: D:15

Altars:
Ashenzari
Cheibriados
Dithmenos
Elyvilon
Fedhas
Gozag
Kikubaaqudgha
Okawaru
Ru
Trog
Vehumet
Yredelemnul
The Shining One
Beogh

Shops:
D:8 *   D:9 *   D:15 [

Annotations:
D:15 Agnes


Innate Abilities, Weirdness & Mutations

You reflexively headbutt those who attack you in melee.
You have a pair of horns on your head.


Message History

Aim: a seven-headed hydra The burst of metal fragments hits the seven-headed hydra. x5
You kill the seven-headed hydra!
Trog accepts your kill.
Agnes shouts!
You hear a shout! x2
Agnes drinks a potion.
Agnes seems to speed up.
The manticore barely misses you. You furiously retaliate!
You headbutt the manticore!
You kill the manticore!
Trog accepts your kill.
You have reached level 15!
Your experience leads to an increase in your attributes!
Increase (S)trength, (I)ntelligence, or (D)exterity?
You feel stronger.
Agnes says, "You dishonour your ancestors."
Throwing (i - inventory. (/) - cycle)
G - 31 tomahawks (quivered)
Aim: Agnes, wielding a lajatang of protection and wearing an embroidered robe You throw a tomahawk.
The tomahawk hits Agnes!
Throwing (i - inventory. (/) - cycle)
K - 12 javelins (quivered)
Aim: Agnes, wielding a lajatang of protection and wearing an embroidered robe You throw a javelin.
The javelin hits Agnes.
An orc comes into view. It is wielding a hand axe of freezing.
Your plate armour prevents you from hitting Agnes.
Agnes hits you with a lajatang of protection!
* * * LOW HITPOINT WARNING * * *
Agnes barely misses you. You furiously retaliate!
You headbutt Agnes, but do no damage. You closely miss Agnes.
Agnes hits you with a lajatang of protection!
* * * LOW HITPOINT WARNING * * *
Agnes hits you with a lajatang of protection!
* * * LOW HITPOINT WARNING * * *
An orc knight comes into view. It is wielding a battleaxe.
Agnes misses you.
You riposte.
You closely miss Agnes. Agnes closely misses you. Agnes closely misses you.
You furiously retaliate!
You headbutt Agnes, but do no damage. Agnes misses you.
You furiously retaliate!
You headbutt Agnes!
You riposte.
You slice Agnes!! Agnes hits you but does no damage.
Agnes hits you with a lajatang of protection!!
* * * LOW HITPOINT WARNING * * *
Okay, then.
Blink to where?
You are very lightly contaminated with residual magic.
As you read the scroll of blinking, it crumbles to dust.
Agnes hits you with a lajatang of protection!!
* * * LOW HITPOINT WARNING * * *
Agnes hits you with a lajatang of protection!
You die...

####### #.....# #.....#
#.....# #.....# #
###.### #. #@# #
#.####i# .# #...##.#
.(. #..#§### ##.oo) ..
#......# #..(... ...
##..).#.##....... ...##
#.....#.......$..
.....##.#.......###....
#...∩.......##. .


You could see Agnes.

Vanquished Creatures
  Frances (D:14)
  Kirke (Lair:6)
  A frost giant (shapeshifter) (D:13)
  2 entropy weavers
  A dire elephant (Lair:6)
  Snorg (Lair:6)
  A fire dragon (D:13)
  Josephine (D:13)
  Fannar (Lair:1)
  Erolcha (D:11)
  10 hydras
  5 two-headed ogres
  Erica (D:8)
  2 ice dragons (IceCv)
  A queen ant (Lair:6)
  A tengu warrior (D:13)
  Urug (Lair:4)
  Sonja (D:13)
  A fire crab (Lair:6)
  A shadow wraith (D:13)
  A wolf spider zombie (D:13)
  2 manticores
  5 ugly things
  A centaur zombie (D:11)
  3 black mambas
  6 elephants (Lair:3)
  2 ice statues (IceCv)
  Joseph (D:9)
  2 gargoyles
  19 spiny frogs
  5 komodo dragons
  4 rime drakes
  An efreet (D:13)
  2 kobold demonologists (D:13)
  3 trolls
  A tengu conjurer (D:12)
  3 meliai (D:14)
  2 polar bears (Lair:6)
  A tyrant leech (Lair:4)
  A hornet (D:14)
  6 blink frogs
  9 hippogriffs
  2 dream sheep (D:7)
  A hippogriff (shapeshifter) (D:12)
  2 shadows
  2 redbacks (Lair:4)
  Sigmund (D:2)
  21 yaks
  9 wraiths
  A golden eye (shapeshifter) (D:12)
  A hog (Lair:5)
  A basilisk (Lair:5)
  A hungry ghost (D:12)
  11 water moccasins
  26 soldier ants (Lair:6)
  3 swamp worms (Lair:4)
  An acid dragon (D:13)
  9 orc warriors
  7 porcupines
  Purgy (D:4)
  Duvessa (D:7)
  A black bear (D:10)
  An eye of draining (D:6)
  17 ice beasts
  5 sky beasts
  2 necrophages
  6 wolves
  11 ogres
  7 centaurs
  12 crocodiles
  6 big kobolds
  18 bullfrogs
  Dowan (D:7)
  5 scorpions
  6 killer bees (D:7)
  5 wights (D:6)
  5 howler monkeys
  6 electric eels
  10 crimson imps
  2 bullfrog zombies
  5 centaur skeletons
  7 orc priests
  11 hounds
  6 jellies
  6 orc wizards
  2 bullfrog skeletons
  Natasha (D:4)
  8 iguanas
  20 worker ants
  Terence (D:2)
  2 hound skeletons
  A worker ant zombie (D:6)
  Robin (D:2)
  13 adders
  6 gnolls
  5 shadow imps
  11 white imps (Lair:5)
  4 oozes
  An adder skeleton (D:9)
  3 worms
  2 dart slugs
  2 leopard geckos
  55 orcs
  2 ball pythons
  8 bats
  8 giant cockroaches
  10 goblins
  8 hobgoblins
  16 jackals
  23 kobolds
  2 quokkas
  A ball python skeleton (D:4)
  4 frilled lizards
  A jackal skeleton (D:9)
  9 rats
  A plant (Lair:4)
608 creatures vanquished.

Vanquished Creatures (collateral kills)
  The ghost of ThisFiasco the Unseen, a journeyman SpEn of Ashenzari (Lair:6)
  A torpor snail (Lair:4)
  A tyrant leech (Lair:4)
  A troll (D:11)
  A hippogriff (Lair:6)
  2 swamp worms (Lair:4)
  A white imp (Lair:5)
8 creatures vanquished.

Vanquished Creatures (others)
  3 humans (Lair:6)
  8 fungi
  7 plants
18 creatures vanquished.

Grand Total: 634 creatures vanquished

Notes
Turn   | Place    | Note
-------+----------+-------------------------------------------
     0 | D:1      | MalarOregon the Minotaur Berserker began the quest for the
                  | Orb.
     0 | D:1      | Reached XP level 1. HP: 19/19 MP: 0/0
   123 | D:1      | Reached XP level 2. HP: 27/27 MP: 1/1
   149 | D:1      | Reached skill level 4 in Long Blades
   677 | D:1      | Found a glowing golden altar of the Shining One.
   742 | D:2      | Reached XP level 3. HP: 33/33 MP: 2/2
  1090 | D:2      | Reached ** piety under Trog
  1109 | D:2      | Noticed Sigmund
  1114 | D:2      | Killed Sigmund
  1114 | D:2      | Reached skill level 5 in Long Blades
  1114 | D:2      | Reached XP level 4. HP: 41/41 MP: 3/3
  1114 | D:2      | Reached XP level 5. HP: 47/47 MP: 4/4
  1168 | D:2      | Found an iron altar of Okawaru.
  1231 | D:2      | Noticed Terence
  1239 | D:2      | Killed Terence
  1442 | D:2      | Reached XP level 6. HP: 50/55 MP: 5/5
  1684 | D:2      | Noticed Robin
  1694 | D:2      | Killed Robin
  2161 | D:3      | Reached skill level 6 in Long Blades
  2758 | D:4      | Reached skill level 5 in Fighting
  2921 | D:4      | Found a glowing golden altar of the Shining One.
  3049 | D:4      | Found a snail-covered altar of Cheibriados.
  3277 | D:4      | Found a white marble altar of Elyvilon.
  3285 | D:4      | Noticed Purgy
  3328 | D:3      | Reached XP level 7. HP: 57/61 MP: 6/6
  3404 | D:4      | Noticed Natasha
  3410 | D:4      | Killed Natasha
  3417 | D:4      | Found an ancient bone altar of Kikubaaqudgha.
  3420 | D:4      | Found a radiant altar of Vehumet.
  3423 | D:4      | Found a sacrificial altar of Ru.
  3473 | D:4      | Killed Purgy
  3473 | D:4      | Reached skill level 7 in Long Blades
  3615 | D:5      | Entered Level 5 of the Dungeon
  3658 | D:5      | Reached *** piety under Trog
  3805 | D:5      | Reached skill level 5 in Armour
  4269 | D:5      | Found a blossoming altar of Fedhas.
  4455 | D:5      | Reached XP level 8. HP: 70/70 MP: 7/7
  4699 | D:6      | Reached skill level 8 in Long Blades
  4699 | D:6      | Reached skill level 5 in Dodging
  4850 | D:6      | Found a bloodstained altar of Trog.
  4860 | D:6      | Reached skill level 9 in Long Blades
  4988 | D:6      | Found a staircase to the Ecumenical Temple.
  5237 | D:6      | Reached XP level 9. HP: 72/79 MP: 8/8
  5380 | D:6      | Got a colourful robe
  5391 | D:6      | Identified the cursed +1 robe of Classification {rC+ SInv}
                  | (You found it on level 6 of the Dungeon)
  5738 | D:7      | Reached skill level 1 in Throwing
  5742 | D:7      | Reached **** piety under Trog
  5742 | D:7      | Reached skill level 10 in Long Blades
  6052 | D:7      | Noticed Duvessa
  6053 | D:7      | Noticed Dowan
  6059 | D:7      | Killed Duvessa
  6061 | D:7      | Killed Dowan
  7001 | D:8      | Found Pienonn's Assorted Antiques.
  7006 | D:8      | Bought a scroll labeled XOYBOU JISIMMY for 15 gold pieces
  7006 | D:8      | Bought a scroll labeled UTROCU VONOS for 15 gold pieces
  7006 | D:8      | Bought a green potion for 13 gold pieces
  7006 | D:8      | Bought a scroll labeled DUNAAJ SIQES for 15 gold pieces
  7112 | D:8      | Reached skill level 11 in Long Blades
  7145 | D:8      | Found a shadowy altar of Dithmenos.
  7240 | D:8      | Noticed Erica
  7271 | D:8      | Killed Erica
  7271 | D:8      | Reached XP level 10. HP: 33/90 MP: 9/9
  7739 | D:8      | Noticed a three-headed hydra
  7744 | D:8      | Killed a one-headed hydra
  7780 | D:8      | Found a basalt altar of Yredelemnul.
  8139 | D:9      | Found Mauphots's Changing Room.
  8160 | D:9      | Bought a potion of lignification for 36 gold pieces
  8160 | D:9      | Bought a potion of lignification for 36 gold pieces
  8160 | D:9      | Bought a potion of lignification for 36 gold pieces
  8181 | D:9      | Reached skill level 12 in Long Blades
  8653 | D:9      | Reached ***** piety under Trog
  8693 | D:9      | Found an opulent altar of Gozag.
  8943 | D:9      | You fall through a shaft!
  8943 | D:10     | Entered Level 10 of the Dungeon
  8946 | D:10     | Reached skill level 1 in Evocations
  8978 | D:10     | Noticed a two-headed ogre
  8988 | D:10     | Killed a two-headed ogre
  9096 | D:9      | Found a shattered altar of Ashenzari.
  9267 | D:9      | Noticed Joseph
  9275 | D:9      | Killed Joseph
  9275 | D:9      | Reached XP level 11. HP: 88/97 MP: 11/11
  9840 | D:10     | Noticed a two-headed ogre
  9852 | D:10     | Killed a two-headed ogre
 10090 | D:10     | Reached skill level 5 in Throwing
 10628 | D:11     | Noticed a white ugly thing
 10636 | D:11     | Killed a white ugly thing
 10694 | D:11     | Noticed Erolcha
 10708 | D:11     | Killed Erolcha
 10708 | D:11     | Reached skill level 13 in Long Blades
 11077 | D:11     | Found a staircase to the Lair.
 11195 | D:11     | Received a gift from Trog
 11369 | D:11     | Reached skill level 10 in Fighting
 11395 | D:11     | Noticed a two-headed ogre
 11404 | D:11     | Killed a two-headed ogre
 12066 | D:11     | Noticed a two-headed ogre
 12074 | D:11     | Killed a two-headed ogre
 12074 | D:11     | Received a gift from Trog
 12074 | D:11     | Reached skill level 10 in Armour
 12462 | Lair:1   | Entered Level 1 of the Lair of Beasts
 12462 | Lair:1   | Noticed a six-headed hydra
 12479 | Lair:1   | Killed a one-headed hydra
 12479 | Lair:1   | Reached XP level 12. HP: 69/107 MP: 13/13
 12631 | Lair:1   | Noticed a five-headed hydra
 12645 | Lair:1   | Killed a one-headed hydra
 12916 | Lair:1   | Noticed a six-headed hydra
 12926 | Lair:1   | Killed a four-headed hydra
 13060 | Lair:1   | Reached skill level 14 in Long Blades
 13483 | Lair:1   | Noticed Fannar
 13492 | Lair:1   | Killed Fannar
 13762 | Lair:2   | Found a staircase to the Shoals.
 14052 | Lair:2   | Reached skill level 10 in Dodging
 14069 | Lair:2   | Reached skill level 5 in Evocations
 14305 | Lair:2   | Received a gift from Trog
 15103 | Lair:3   | Noticed a four-headed hydra
 15112 | Lair:3   | Killed a one-headed hydra
 15441 | Lair:3   | Reached XP level 13. HP: 116/116 MP: 16/16
 16826 | Lair:4   | Found a hole to the Spider Nest.
 16832 | Lair:4   | Noticed Urug
 16839 | Lair:4   | Killed Urug
 17177 | Lair:5   | Found a frozen archway.
 17215 | IceCv    | Entered an ice cave
 18351 | Lair:5   | Found a staircase to the Slime Pits.
 19058 | Lair:6   | Entered Level 6 of the Lair of Beasts
 19085 | Lair:6   | Noticed Snorg
 19105 | Lair:6   | Killed Snorg
 19105 | Lair:6   | Received a gift from Trog
 19805 | Lair:6   | Noticed an entropy weaver
 19853 | Lair:5   | Killed an entropy weaver
 20013 | Lair:6   | Noticed Kirke
 20026 | Lair:6   | Killed Kirke
 20026 | Lair:6   | Reached skill level 15 in Long Blades
 20026 | Lair:6   | Reached XP level 14. HP: 127/127 MP: 18/18
 20048 | Lair:6   | Received a gift from Trog
 20121 | Lair:6   | Received a gift from Trog
 20141 | Lair:6   | Noticed an entropy weaver
 20294 | Lair:6   | Killed an entropy weaver
 20528 | Lair:6   | Found a runed gate.
 20529 | Lair:6   | Found a runed gate.
 20530 | Lair:6   | Found a runed gate.
 20531 | Lair:6   | Noticed ThisFiasco's ghost (journeyman SpEn)
 21030 | Lair:6   | Killed ThisFiasco's ghost
 21354 | D:12     | Received a gift from Trog
 21462 | D:12     | Found an iron altar of Okawaru.
 21602 | D:12     | Got a smoking ring mail
 21632 | D:12     | Identified the +1 ring mail of Fashionability {Dex+3} (You
                  | found it on level 12 of the Dungeon)
 21760 | D:12     | Found a roughly hewn altar of Beogh.
 21760 | D:12     | Found a staircase to the Orcish Mines.
 22333 | D:13     | Noticed an azure jelly
 22333 | D:13     | a catoblepas changed into an azure jelly
 22335 | D:13     | Noticed a stone giant
 22335 | D:13     | an azure jelly changed into a stone giant
 22338 | D:13     | Noticed a sphinx
 22338 | D:13     | a stone giant changed into a sphinx
 22341 | D:13     | a sphinx changed into an alligator snapping turtle
 22346 | D:13     | Noticed a fire giant
 22346 | D:13     | an alligator snapping turtle changed into a fire giant
 22347 | D:13     | Noticed a frost giant
 22347 | D:13     | a fire giant changed into a frost giant
 22350 | D:13     | Killed a frost giant
 22547 | D:13     | Noticed Sonja
 22648 | D:13     | Killed Sonja
 22874 | D:13     | Noticed Josephine
 22887 | D:13     | HP: 6/129 [Josephine/ghostly fireball (32)]
 22892 | D:13     | Received a gift from Trog
 22895 | D:13     | Killed Josephine
 23290 | D:13     | Found a gate to the Vaults.
 23633 | D:14     | Found a white marble altar of Elyvilon.
 24137 | D:14     | Noticed Frances
 24147 | D:14     | Killed Frances
 24147 | D:14     | Reached skill level 10 in Throwing
 24290 | D:15     | Entered Level 15 of the Dungeon
 24296 | D:15     | Found Qisekh's Armour Shoppe.
 24337 | D:15     | Noticed Agnes
 24338 | D:15     | Reached XP level 15. HP: 67/136 MP: 20/20
 24348 | D:15     | HP: 1/136 [Agnes/lajatang of protection (19)]
 24348 | D:15     | Mangled by Agnes

Skill      XL: |  1  2  3  4  5  6  7  8  9 10 11 12 13 14 |
---------------+-------------------------------------------+-----
Long Blades    | 4 5 6 7 9 11 12 13 14 15 | 15.7
Fighting       | 4 5 6 7 8 9 10 11 12 13 | 13.4
Armour         | 3 4 5 6 8 9 10 11 12 13 | 13.3
Dodging        | 3 4 6 7 8 9 10 11 12 | 12.3
Throwing       | 3 4 6 7 8 10 | 10.0
Evocations     | 1 3 5 6 8 |  8.2

Action                   |  1- 3 |  4- 6 |  7- 9 | 10-12 | 13-15 || total
-------------------------+-------+-------+-------+-------+-------++-------
Melee: Falchion          |    44 |   162 |   317 |   520 |   418 ||  1461
       Headbutt          |     8 |    30 |    92 |   162 |   216 ||   508
       Scimitar          |       |       |       |    14 |       ||    14
       Great sword       |       |       |       |    24 |   455 ||   479
Throw: Tomahawk          |       |       |    10 |    51 |   119 ||   180
       Javelin           |       |       |       |       |     4 ||     4
Invok: Berserk           |     2 |     1 |     6 |     7 |     8 ||    24
       Trog's Hand       |     1 |       |     2 |     2 |     6 ||    11
       Brothers in Arms  |       |       |       |     1 |     2 ||     3
Evoke: Wand              |       |       |       |     3 |    11 ||    14
       Sack of spiders   |       |       |       |       |     3 ||     3
       Phial of floods   |       |       |       |       |     1 ||     1
  Use: Scroll            |       |     6 |     3 |    16 |    18 ||    43
       Potion            |       |       |       |       |    10 ||    10
  Eat: Chunk             |     1 |    10 |    18 |    31 |    31 ||    91
       Ration            |       |       |       |     2 |     6 ||     8
Armor: Animal skin       |     3 |       |       |       |       ||     3
       Leather armour    |     3 |     1 |       |       |       ||     4
       Chain mail        |       |    69 |    63 |       |       ||   132
       Plate armour      |       |       |    52 |   220 |   577 ||   849
Dodge: Dodged            |    22 |    60 |   128 |   212 |   511 ||   933
       Deflected         |       |       |       |       |    23 ||    23
       Rpst.: Falchion   |     9 |    20 |    34 |    56 |    38 ||   157
       Great sword       |       |       |       |     4 |    66 ||    70
